 Dungeon Crawl Stone Soup version 0.31-a0-177-g4aa6249778 (webtiles) character file.

Game seed: 6113233115542242564

796 qw the Chopper (level 7, -14/43 HPs)
             Began as a Gargoyle Fighter on June 18, 2023.
             Killed from afar by an acid dragon (21 damage)
             ... with a splash of acid
             ... on level 6 of the Dungeon.
             The game lasted 00:02:45 (4986 turns).

qw the Chopper (Gargoyle Fighter)                   Turns: 4986, Time: 00:02:45

Health: -14/43     AC: 11    Str: 21      XL:     7   Next: 89%
Magic:  7/7        EV:  3    Int:  7 (9)  God:
Gold:   245        SH: 12    Dex:  8 (9)  Spells: 6/6 levels left

rFire   + . .        Y - +0 war axe
rCold   + . .        r - +0 tower shield
rNeg    + + .        n - +0 plate armour
rPois   inf          j - +0 helmet
rElec   +            l - scarf {rC+ rF+}
rCorr   .            e - +0 pair of gloves
SInv    .            (no boots)
Will    .....        (no amulet) Stlth
                     v - ring of positive energy
HPRegen 0.27/turn    (no ring)
MPRegen 0.10/turn

%: no passive effects
@: corroded
A: sickness immunity, AC +4, negative energy resistance 1, electricity
resistance, torment resistance 1, petrification resistance
a: no special abilities


You were on level 6 of the Dungeon.
You visited 1 branch of the dungeon, and saw 6 of its levels.

You collected 290 gold pieces.
You spent 45 gold pieces at shops.


Innate Abilities, Weirdness & Mutations

You are immune to sickness and miasma.
Your stone body is resilient. (AC +4)
You are immune to poison.
You resist negative energy. (rN+)
You are resistant to electric shocks. (rElec)
You are resistant to unholy torment.
You are immune to petrification.


   Skills:
 - Level 4.1 Fighting
 - Level 6.4 Axes
 - Level 4.0 Armour
 + Level 5.4 Shields


You had 6 spell levels left.
You didn't know any spells.
Your spell library was empty.

Inventory:

Hand Weapons
 u - a +2 hand axe of flaming
 Y - a +0 war axe (weapon)
Armour
 a - a +0 cloak
 e - a +0 pair of gloves (worn)
 j - a +0 helmet (worn)
 l - a scarf of resistance (worn)
 n - a +0 plate armour (worn)
 o - the +5 helmet of Wariness {-Tele Str+4}
   (You found it on level 2 of the Dungeon)

   Str:       It affects your strength (+4).
   -Tele:     It prevents most forms of teleportation.
 r - a +0 tower shield (worn)
 s - +0 fire dragon scales
Jewellery
 v - a ring of positive energy (left hand)
Scrolls
 p - a scroll of identify
Potions
 b - a potion of enlightenment
 c - a potion of berserk rage {unknown}
 d - a potion of might
 f - a potion of magic {unknown}
 g - a potion of cancellation {unknown}
 h - a potion of mutation {unknown}
 i - 2 potions of curing
 k - a potion of brilliance {unknown}
 q - a potion of haste
 t - 4 potions of attraction

Dungeon Overview and Level Annotations

Branches:
Dungeon (6/15)
 Temple: D:4-7

Altars:
Fedhas
Kikubaaqudgha

Shops:
D:1 :   D:3 [

Annotations:
D:4 1 runed translucent door, Crazy Yiuf


Message History

The acid corrodes you!
A hound comes into view.
The hound barks!
You hit the acid dragon but do no damage.
The acid dragon bites you but does no damage.
The acid dragon claws you but does no damage.
The acid dragon barely misses you.
The acid dragon claws you but does no damage.
You hit the acid dragon.
The acid dragon is lightly wounded.
The acid dragon bites you but does no damage.
The acid dragon claws you but does no damage.
You barely miss the acid dragon.
The acid dragon is lightly wounded.
You block the acid dragon's attack. x2
The scorpion stings you but does no damage.
The hound completely misses you. The acid dragon bites you.
The acid dragon claws you but does no damage.
You slash the acid dragon!
The acid dragon is moderately wounded.
You barely miss the scorpion. You closely miss the hound.
You block the scorpion's attack. The hound bites you but does no damage.
The acid dragon bites you but does no damage.
The acid dragon claws you.
The scorpion stings you but does no damage.
The hound bites you.
4985 ||| DRINKING potion of heal wounds.
You feel much better. The hound bites you. The scorpion stings you.
The acid dragon spits acid at you. The splash of acid hits you!!
Ouch! That really hurt!
The acid corrodes you!
You hit the acid dragon but do no damage.
The acid dragon is moderately wounded.
You barely miss the scorpion. You hit the hound but do no damage.
The hound bites you. The scorpion stings you. You block the hound's attack.
The acid dragon spits acid at you. The splash of acid hits you!!
You die...

#..# #..# #..#
# #..#.#
#######..#.#
...........####
#
......Dsh......
# #@....# #
#.###.# #
##.###.# #
#...##.# #
#......# #
#...##.# #
######.# # #.#
## #.# #.


You could see an acid dragon (catching breath), a scorpion and a hound.

Vanquished Creatures
  Eustachio (D:4)
  An ogre (D:5)
  A jelly (D:4)
  3 hounds (D:5)
  Natasha (twice) (D:4)
  Terence (D:2)
  2 sleepcaps
  2 iguanas
  Robin (D:2)
  11 adders
  3 worms
  2 dart slugs
  14 orcs
  8 endoplasms
  2 giant cockroaches
  14 goblins
  17 hobgoblins
  4 jackals (D:3)
  12 kobolds
  8 quokkas
  12 ball pythons
  6 bats
  4 frilled lizards
  6 rats
137 creatures vanquished.

Notes
Turn   | Place    | Note
-------+----------+-------------------------------------------
     0 | D:1      | qw the Gargoyle Fighter began the quest for the Orb.
     0 | D:1      | Reached XP level 1. HP: 14/14 MP: 1/1
     0 | D:1      | 0 ||| qw: Version: 0.3-a-7-ge0c9b40
     0 | D:1      | 0 ||| qw: Game counter: 759
     0 | D:1      | 0 ||| qw: Always use a shield: true
     0 | D:1      | 0 ||| qw: God list: Okawaru
     0 | D:1      | 0 ||| qw: Allow faded altars: false
     0 | D:1      | 0 ||| qw: Do Orc after D:15 true
     0 | D:1      | 0 ||| qw: Do second Lair branch before Depths: true
     0 | D:1      | 0 ||| qw: Lair rune preference: random
     0 | D:1      | 0 ||| qw: Plans: Normal, Zot:1-4, Slime:5, God:TSO, Crypt,
                  | Tomb, Abyss, Pan, Hells, Win
     0 | D:1      | 0 ||| PLANNING D:1-11
    49 | D:1      | Found Juog Wav's Book Boutique.
    81 | D:1      | Reached skill level 2 in Axes
    92 | D:1      | 92 ||| Stepping ~*~*~tactically~*~*~ (stealth).
   103 | D:1      | Reached XP level 2. HP: 16/19 MP: 2/2
   172 | D:1      | 172 ||| Stepping ~*~*~tactically~*~*~ (stealth).
   481 | D:1      | 481 ||| Stepping ~*~*~tactically~*~*~ (hiding).
   680 | D:1      | 680 ||| Stepping ~*~*~tactically~*~*~ (hiding).
   692 | D:1      | Reached skill level 3 in Axes
   736 | D:1      | Reached XP level 3. HP: 23/23 MP: 3/3
   894 | D:1      | 894 ||| DROPPING ring of wizardry.
   895 | D:1      | 895 ||| READING scroll labelled XUZEUD VOOPT.
  1019 | D:2      | Found a faded altar of an unknown god.
  1025 | D:2      | 1025 ||| Stepping ~*~*~tactically~*~*~ (stealth).
  1025 | D:2      | You fall into a shaft and drop 1 floor!
  1102 | D:3      | 1102 ||| Stepping ~*~*~tactically~*~*~ (stealth).
  1125 | D:3      | Reached XP level 4. HP: 28/28 MP: 4/4
  1196 | D:3      | Reached skill level 4 in Axes
  1273 | D:3      | Found Hufuoluxt's Armour Shop.
  1289 | D:3      | 1289 ||| BUYING +0 chain mail (45 gold).
  1289 | D:3      | Bought a +0 chain mail for 45 gold pieces
  1289 | D:3      | 1289 ||| SHOPLISTING +1 pair of boots (115 gold, have 68).
  1346 | D:3      | 1346 ||| Stepping ~*~*~tactically~*~*~ (stealth).
  1349 | D:3      | 1349 ||| Stepping ~*~*~tactically~*~*~ (hiding).
  1371 | D:3      | Reached XP level 5. HP: 17/32 MP: 5/5
  1435 | D:3      | Found a blossoming altar of Fedhas.
  1445 | D:3      | 1445 ||| UPGRADING to +0 cloak.
  1450 | D:3      | 1450 ||| UPGRADING to +0 pair of gloves.
  1455 | D:3      | 1455 ||| UPGRADING to scarf of resistance.
  1465 | D:3      | 1465 ||| UPGRADING to +0 chain mail.
  1475 | D:3      | 1475 ||| DROPPING +0 scale mail.
  1476 | D:3      | 1476 ||| UPGRADING to +0 plate armour.
  1486 | D:3      | 1486 ||| DROPPING +0 chain mail.
  1487 | D:3      | 1487 ||| READING scroll labelled QYNWUQ XONEDD.
  1488 | D:3      | 1488 ||| DRINKING 2 black potions.
  1499 | D:3      | 1499 ||| FLEEEEING.
  1500 | D:3      | 1500 ||| FLEEEEING.
  1501 | D:3      | 1501 ||| FLEEEEING.
  1502 | D:3      | 1502 ||| STAIRDANCE
  1633 | D:2      | 1633 ||| Stepping ~*~*~tactically~*~*~ (hiding).
  1634 | D:2      | 1634 ||| Stepping ~*~*~tactically~*~*~ (hiding).
  1636 | D:2      | 1636 ||| Stepping ~*~*~tactically~*~*~ (hiding).
  1757 | D:2      | 1757 ||| Stepping ~*~*~tactically~*~*~ (stealth).
  1758 | D:2      | 1758 ||| Stepping ~*~*~tactically~*~*~ (stealth).
  1821 | D:2      | 1821 ||| Stepping ~*~*~tactically~*~*~ (hiding).
  1929 | D:2      | Identified the +5 helmet of Wariness {-Tele Str+4}
  1959 | D:2      | Reached skill level 5 in Axes
  1999 | D:2      | Noticed Robin
  2015 | D:2      | Killed Robin
  2070 | D:2      | Noticed Terence
  2091 | D:2      | Killed Terence
  2096 | D:2      | Reached XP level 6. HP: 24/38 MP: 6/6
  2574 | D:2      | 2574 ||| UPGRADING to +0 helmet.
  2579 | D:2      | 2579 ||| READING scroll labelled NOUREE LOUWU.
  2584 | D:2      | 2584 ||| READING scroll labelled ORAINN PODANEA.
  2713 | D:3      | Found an ancient bone altar of Kikubaaqudgha.
  2778 | D:3      | 2778 ||| DRINKING 2 viscous brown potions.
  2779 | D:3      | 2779 ||| DRINKING 2 ruby potions.
  2780 | D:3      | 2780 ||| DROPPING potion of invisibility.
  2805 | D:4      | 2805 ||| Stepping ~*~*~tactically~*~*~ (stealth).
  2807 | D:4      | 2807 ||| Stepping ~*~*~tactically~*~*~ (stealth).
  2808 | D:4      | 2808 ||| Stepping ~*~*~tactically~*~*~ (stealth).
  3127 | D:4      | Noticed Eustachio
  3145 | D:4      | 3145 ||| FLEEEEING.
  3146 | D:4      | 3146 ||| FLEEEEING.
  3156 | D:4      | 3156 ||| FLEEEEING.
  3157 | D:4      | 3157 ||| FLEEEEING.
  3172 | D:4      | 3172 ||| FLEEEEING.
  3173 | D:4      | 3173 ||| FLEEEEING.
  3211 | D:4      | Killed Eustachio
  3212 | D:4      | Reached skill level 6 in Axes
  3212 | D:4      | Reached XP level 7. HP: 18/43 MP: 7/7
  3524 | D:4      | Found a runed translucent door.
  3525 | D:4      | Noticed Crazy Yiuf
  3593 | D:4      | Noticed Natasha
  3612 | D:4      | Killed Natasha
  4054 | D:4      | Noticed Natasha
  4063 | D:4      | Killed Natasha
  4176 | D:4      | 4176 ||| UPGRADING to +0 tower shield.
  4186 | D:4      | 4186 ||| DROPPING +0 buckler.
  4187 | D:4      | 4187 ||| UPGRADING to ring of positive energy.
  4188 | D:4      | 4188 ||| READING scroll labelled QARO SIOXZOY.
  4189 | D:4      | 4189 ||| DRINKING 2 bubbling green potions.
  4190 | D:4      | 4190 ||| DRINKING 2 clear potions.
  4191 | D:4      | 4191 ||| DRINKING 4 viscous orange potions.
  4192 | D:4      | 4192 ||| DRINKING 2 cyan potions.
  4193 | D:4      | 4193 ||| DROPPING potion of degeneration.
  4246 | D:5      | Entered Level 5 of the Dungeon
  4287 | D:5      | HP: 8/43 [ogre/+0 giant club (11)]
  4288 | D:5      | 4288 ||| DRINKING 2 potions of heal wounds.
  4578 | D:5      | 4578 ||| Stepping ~*~*~tactically~*~*~ (stealth).
  4579 | D:5      | 4579 ||| Stepping ~*~*~tactically~*~*~ (stealth).
  4651 | D:5      | Identified the +2 leather armour of Joutes {rElec Int-3
                  | Dex+7 Stlth-}
  4833 | D:6      | 4833 ||| DROPPING +0 flail.
  4975 | D:6      | 4975 ||| Stepping ~*~*~tactically~*~*~ (hiding).
  4984 | D:6      | HP: 10/43 [hound (2)]
  4985 | D:6      | 4985 ||| DRINKING potion of heal wounds.
  4986 | D:6      | Killed from afar by an acid dragon

Levels and vault maps discovered:
D:1:      amcnicky_arrival_blooded_trapdoor, layout_basic, serial_shops,
          nicolae_shop_window_shopping, interstate_on_off
D:2:      minmay_door_path, layout_basic, basic_ecumenical_altar, uniq_robin,
          uniq_terence
D:3:      minmay_diamond_boxcup, layout_rooms,
          mainiacjoe_overflow_surrounded_room, overflow_temple_1_default,
          serial_shops, shop, st_stairs_14
D:4:      layout_layer_cave, minmay_close_crescents, uniq_crazy_yiuf_cottage,
          uniq_eustachio, uniq_natasha
D:5:      layout_rooms
D:6:      layout_loops_ring, nzn_wu_jian_contemplation, temple_hall

Skill      XL: |  1  2  3  4  5  6  7 |
---------------+----------------------+-----
Axes           | 2 3 4 5 6 |  6.4
Fighting       | 4 |  4.1
Armour         | 4 |  4.0
Shields        | 5 |  5.4

Action                     |  1- 3 |  4- 6 |  7- 9 || total
---------------------------+-------+-------+-------++-------
  Melee: War axe           |    85 |   234 |   120 ||   439
    Use: Scroll            |     1 |     3 |     1 ||     5
         Potion            |       |     3 |     6 ||     9
   Stab: Invisible         |       |     2 |       ||     2
 Armour: Scale mail        |    39 |    38 |       ||    77
         Plate armour      |       |   175 |    97 ||   272
  Dodge: Dodged            |    32 |    83 |    18 ||   133
  Block: Buckler           |    12 |    50 |     7 ||    69
         Tower shield      |       |       |    46 ||    46

Table legend:
 A = Non-vault XP
 B = Vault XP
 C = Vault XP percentage of total XP
 D = Non-vault monster count
 E = Vault monster count
 F = Vault count percentage of total count
                 A         B        C        D         E       F
            +---------+---------+-------+---------+---------+-------
      Total |     685 |     453 |  39.8 |     105 |      32 |  23.4
            +---------+---------+-------+---------+---------+-------
        D:1 |      34 |       0 |   0.0 |      20 |       0 |   0.0
        D:2 |      78 |     104 |  57.1 |      26 |      18 |  40.9
        D:3 |      87 |      59 |  40.4 |      29 |       8 |  21.6
        D:4 |     127 |     290 |  69.5 |      17 |       6 |  26.1
        D:5 |     334 |       0 |   0.0 |       8 |       0 |   0.0
        D:6 |      25 |       0 |   0.0 |       5 |       0 |   0.0
            +---------+---------+-------+---------+---------+-------
